 Dungeon Crawl Stone Soup version 0.29-a0-418-gc0181ea820 (webtiles) character file.

Game seed: 17102709575807445888

53 holysushi the Charlatan (level 3, -6/23 HPs)
             Began as an Octopode Artificer on May 18, 2022.
             Mangled by an iguana (13 damage)
             ... on level 2 of the Dungeon.
             The game lasted 00:01:26 (2154 turns).

holysushi the Charlatan (Octopode Artificer)        Turns: 2154, Time: 00:01:26

Health: -6/23      AC:  1    Str: 11    XL:     3   Next: 87%
Magic:  3/3        EV: 13    Int: 13    God:
Gold:   86         SH:  0    Dex: 14    Spells: 2/2 levels left

rFire   . . .      SeeInvis .   f - +0 short sword
rCold   . . .      Faith    .   (no shield)
rNeg    . . .      Spirit   .   (helmet restricted)
rPois   .          Reflect  .   (no amulet)
rElec   .          Harm     .   (no ring)
rCorr   .          Rampage  .   (no ring)
Will    .....                   (no ring)
Stlth   +++.......              (no ring)
HPRegen 0.07/turn               (no ring)
MPRegen 0.08/turn               (no ring)
                                (no ring)
                                (no ring)

@: no status effects
A: almost no armour, amphibious, 8 rings, camouflage 1, gelatinous body 1,
(nimble swimmer 1), tentacles
a: no special abilities


You were on level 2 of the Dungeon.
You visited 1 branch of the dungeon, and saw 2 of its levels.

You collected 86 gold pieces.

Inventory:

Hand Weapons
 a - a +0 dagger
 f - a +0 short sword (weapon)
Jewellery
 j - a +4 ring of protection
Wands
 b - a wand of flame (15) (quivered)
 c - a wand of charming (15)
 d - a wand of iceblast (9)
 n - a wand of paralysis (4)
Scrolls
 g - 2 scrolls of fear {unknown}
 h - 2 scrolls of teleportation {unknown}
 m - 2 scrolls of poison {unknown}
 p - a scroll of enchant weapon {unknown}
Potions
 e - 2 potions of magic {unknown}
 i - 2 potions of degeneration {unknown}
 k - a potion of invisibility {unknown}
 l - a potion of lignification {unknown}
 o - a potion of resistance {unknown}


   Skills:
 - Level 1.2 Fighting
 + Level 3.2 Short Blades
 - Level 2.3 Dodging
 - Level 1.3 Stealth
 - Level 3.2 Evocations


You had 2 spell levels left.
You didn't know any spells.
Your spell library was empty.

Dungeon Overview and Level Annotations

Branches:
Dungeon (2/15)

Altars:


Innate Abilities, Weirdness & Mutations

You cannot wear most types of armour.
You are amphibious.
You can wear up to eight rings at the same time.
Your skin changes colour to match your surroundings (Stealth+).
Your rubbery body absorbs attacks. (AC +1, EV +1)
((You are camouflaged when in or above water. (Stealth+)))
You have tentacles for arms and can constrict up to eight enemies at once.


Message History

Your squeeze misses the jackal.
The jackal is severely wounded.
The jackal closely misses you. x2; The jackal bites you.
An iguana comes into view.
The jackal attacks as you move away! The jackal bites you.
The jackal closely misses you. The jackal attacks as you move away!
The jackal bites you.
You hit the jackal. Your grab misses the jackal.
The jackal is moderately wounded.
The jackal closely misses you.
You hit the jackal. Your grab misses the jackal.
The jackal is almost dead.
The jackal bites you.
You hit the jackal.
You kill the jackal!
You hit the jackal.
You kill the jackal!
You hit the jackal but do no damage. Your grab misses the jackal.
Your squeeze misses the jackal.
The jackal is severely wounded.
The jackal closely misses you.
The jackal bites you but does no damage.
You hit the jackal.
You kill the jackal!
You hit the jackal but do no damage. You grab the jackal.
You squeeze the jackal.
The jackal is lightly wounded.
You constrict the jackal. The jackal closely misses you.
The jackal barely misses you.
You barely miss the jackal.
The jackal is moderately wounded.
You constrict the jackal. The giant cockroach bites you. The jackal bites you.
You hit the jackal.
You kill the jackal!
The giant cockroach barely misses you.
You hit the giant cockroach but do no damage.
Your grab misses the giant cockroach. The giant cockroach bites you.
The giant cockroach misses you. The iguana bites you!
Ouch! That really hurt!
You die...

#.##.....##..# #...
#............# #...
###.......##.######
##..
......)...........#
##. .......#..##.##
#.# ##
.####..^#....# #.#
##. #...#....# #.#
##.. #####†##l# #.#
#... #.##@####>#
#... #.##.B....#
#... #.#######.#
##.. #.# #.## ##.
#.#######..### ##
#............### #.
#.....)......# #.
#.######.....#####.
#.# #...........


You could see an iguana and a giant cockroach.

Vanquished Creatures
  A worm (D:2)
  An orc (D:2)
  4 ball pythons (D:1)
  An endoplasm (D:2)
  2 giant cockroaches (D:2)
  3 goblins
  5 hobgoblins
  5 jackals (D:2)
  6 kobolds
  4 quokkas
  4 bats
  3 frilled lizards
  4 rats (D:1)
43 creatures vanquished.

Notes
Turn   | Place    | Note
-------+----------+-------------------------------------------
     0 | D:1      | holysushi the Octopode Artificer began the quest for the
                  | Orb.
     0 | D:1      | Reached XP level 1. HP: 13/13 MP: 1/1
   109 | D:1      | Reached skill level 1 in Short Blades
   175 | D:1      | Reached XP level 2. HP: 9/18 MP: 2/2
  1293 | D:2      | Reached XP level 3. HP: 17/23 MP: 3/3
  2154 | D:2      | Mangled by an iguana

Illustrated notes

Levels and vault maps discovered:
D:1:      lightli_arrival_maybe_door_vault, layout_basic, minmay_misc_feat_five
D:2:      kennysheep_six_static_rooms, layout_loops_ring,
          hellmonk_ecumenical_altar_inner_sanctum, uniq_robin

Skill      XL: |  1  2  3 |
---------------+----------+-----
Short Blades   | 1 2 3 |  3.2
Fighting       | |  1.2
Dodging        | |  2.3
Stealth        | |  1.3
Evocations     | |  3.2

Action                   || total
-------------------------++-------
Melee: Dagger            ||    12
       Tentacles         ||    18
       Unarmed           ||     4
       Constrict         ||    21
       Short sword       ||    79
 Stab: Sleeping          ||    10
Armor: Skin              ||     8
Dodge: Dodged            ||    45

Table legend: (Time is in decaauts)
 A = Elapsed time spent in this place.
 B = Non-inter-level travel time spent in this place.
 C = Inter-level travel time spent in this place.
 D = Time resting spent in this place.
 E = Time spent auto-exploring this place.
 F = Levels seen in this place.
 G = Mean time per level.
                   A        B        C        D        E       F      G
               +--------+--------+--------+--------+--------+-----+--------+
         Total |   2150 |   2113 |     37 |    267 |   1544 |   2 | 1075.0 |
       Dungeon |   2150 |   2113 |     37 |    267 |   1544 |   2 | 1075.0 |
               +--------+--------+--------+--------+--------+-----+--------+

Top non-repeatable levels by time:
     D:1: 1245 daAuts
     D:2: 904 daAuts
